 Dungeon Crawl Stone Soup version 0.19.5 (webtiles) character file.

264015 spiff the Spry (level 19, -7/146 HPs)
             Began as a High Elf Fighter on Apr 8, 2017.
             Was a High Priest of Okawaru.
             Killed from afar by a deep elf knight (34 damage)
             ... with a shard of ice
             ... on level 1 of the Vaults.
             The game lasted 03:01:45 (58312 turns).

spiff the Spry (High Elf Fighter)                  Turns: 58312, Time: 03:01:46

Health: -7/146     AC: 30    Str: 23    XL:     19   Next: 26%
Magic:  22/25      EV: 25    Int: 18    God:    Okawaru [*****.]
Gold:   1505       SH:  0    Dex: 17    Spells: 1 memorised, 16 levels left

rFire  . . .     SeeInvis .     Z - +3 demon blade (vamp)
rCold  + . .     Gourm    +     r - +3 ring mail {MR+}
rNeg   . . .     Faith    .     (no shield)
rPois  .         Spirit   .     W - +0 hat {Int+3}
rElec  .         Reflect  .     B - +1 cloak
rCorr  .         Harm     .     F - +0 pair of gloves {Str+3}
MR     ++...                    n - +2 pair of boots "Ninohajo" {rC+}
Stlth  +.........               E - amulet of the gourmand
                                q - +4 ring of protection
                                l - ring of Robustness {AC+8}

@: finesse
A: no striking features
a: Heroism, Finesse, Renounce Religion
}: 2/15 runes: barnacled, gossamer


You were on level 1 of the Vaults.
You worshipped Okawaru.
Okawaru was extremely pleased with you.
You were not hungry.

You visited 7 branches of the dungeon, and saw 33 of its levels.
You also visited: Sewer.

You collected 3648 gold pieces.
You spent 2143 gold pieces at shops.

Inventory:

Hand Weapons
 M - the +4 longbow "Napenoub" {flame, Int+2 SInv}
   (You bought it in a shop on level 3 of the Shoals)

   It causes projectiles fired from it to burn those they strike, causing extra
   injury to most foes and up to half again as much damage against particularly
   susceptible opponents.
   It affects your intelligence (+2).
   It lets you see invisible.
 O - a +3 falchion of flaming
 S - a +2 triple sword of holy wrath
 Z - a +3 vampiric demon blade (weapon)
Missiles
 e - 586 arrows
 P - 6 throwing nets (quivered)
Armour
 n - the +2 pair of boots "Ninohajo" (worn) {rC+}
   (Okawaru gifted it to you on level 12 of the Dungeon)

   It protects you from cold.
 r - a +3 ring mail of magic resistance (worn)
 B - a +1 cloak (worn)
 F - a +0 pair of gloves of strength (worn)
 L - a +2 shield
 U - a +0 buckler
 W - a +0 hat of intelligence (worn)
Jewellery
 l - the ring of Robustness (left hand) {AC+8}
   (You bought it in a shop on level 3 of the Shoals)

   [ring of protection]

   It affects your AC (+8).
 p - an uncursed ring of protection from cold
 q - a +4 ring of protection (right hand)
 D - an uncursed ring of flight
 E - an amulet of the gourmand (around neck)
 J - an uncursed ring of protection from fire
 R - an uncursed amulet of rage
 T - an uncursed ring of see invisible
Wands
 b - a wand of hasting (6/9)
 v - a wand of heal wounds (1/9)
 y - a wand of disintegration (9/24)
 Y - a wand of acid (4/15)
Scrolls
 c - 5 scrolls of identify
 i - 8 scrolls of teleportation
 m - 2 scrolls of recharging
 o - 5 scrolls of blinking
 t - a scroll of brand weapon
 x - a scroll of enchant weapon
 G - 7 scrolls of remove curse
 N - 4 scrolls of fog
 X - a scroll of torment
Potions
 g - a potion of agility
 j - 9 potions of curing
 k - 4 potions of haste
 s - 5 potions of invisibility
 u - a potion of berserk rage
 w - a potion of ambrosia
 A - 6 potions of heal wounds
 C - 2 potions of flight
 I - 3 potions of cancellation
 K - a potion of might
 V - 2 potions of resistance
Books
 h - a book of Battle

   Spells                             Type                      Level
   a - Infusion                       Charms                       1
   b - Shroud of Golubria             Charms/Translocation         2
   c - Song of Slaying                Charms                       2
   d - Spectral Weapon                Hexes/Charms                 3
   e - Regeneration                   Charms/Necromancy            3
 z - a book of Spatial Translocations

   Spells                             Type                      Level
   a - Blink                          Translocation                2
   b - Shroud of Golubria             Charms/Translocation         2
   c - Lesser Beckoning               Translocation                3
   d - Portal Projectile              Translocation                3
   e - Teleport Other                 Translocation                3
   f - Passage of Golubria            Translocation                4
Miscellaneous
 d - a sack of spiders
Comestibles
 a - 7 meat rations
 f - 8 bread rations
 H - 6 chunks of flesh
 Q - a beef jerky


   Skills:
 - Level 18.0 Fighting
 - Level 16.5 Long Blades
 - Level 17.9 Bows
 + Level 11.7 Armour
 + Level 18.7 Dodging
 - Level 4.0 Shields
 - Level 7.2 Invocations


You had 16 spell levels left.
You knew the following spells:

 Your Spells              Type           Power        Failure   Level  Hunger
a - Blink                 Tloc           N/A          47%         2    ###....


Dungeon Overview and Level Annotations

Branches:
Dungeon (15/15)            Temple (1/1) D:5            Lair (6/6) D:11
 Shoals (4/4) Lair:3       Spider (4/4) Lair:4        Slime (0/5) Lair:5
    Orc (2/2) D:12            Elf (0/3) Orc:2        Vaults (1/5) D:14
 Depths (0/5) D:15

Altars:
Cheibriados
Elyvilon
Fedhas
Hepliaklqana
Okawaru
Qazlal
Ru
Sif Muna
Trog
Vehumet
Yredelemnul
Zin
The Shining One

Shops:
D:8 *   Orc:2 :*[}(   Shoals:3 *(*(

Annotations:
D:9 stuartdbuchanan's ghost, novice MiFi
Lair:3 exclusion: oklob plant
Shoals:3 exclusion: 2 oklob plants
Shoals:4 Ilsuiw


Message History

* * * LOW HITPOINT WARNING * * *
Evoke which item? (* to show all) (? for menu, Esc to quit)
Zapping:
v - a wand of heal wounds (2/9)
Press: ? - help, Shift-Dir - straight line, f - you You feel much better.
This wand has 1 charge left.
Something hits you but does no damage.
You hear some strange, mumbled words.
A shard of ice appears from out of thin air!
The shard of ice misses you. Something hits you but does no damage.
You hit the vault warden.
The vault warden is severely wounded.
The orc knight hits you but does no damage.
The vault warden hits you with an uncursed war axe!
* * * LOW HITPOINT WARNING * * *
You hit the vault warden but do no damage.
The vault warden is severely wounded.
You hear some strange, mumbled words.
A shard of ice appears from out of thin air!
The shard of ice hits you! You partially resist.
You die...

................#.........'..#...
..##########....#.........#.)#...
..# ##...#####รท########... ..#
##...#...........#### .##
#...#...........#.)) ##
#...#..#######..##)# # #
###...#..# #..#)(# p..
##)#.p.#..# #..#).#
c..C.##..+)o@#W.# #..'..#
..op...(.#){)#.W# #..#..# #
#C.pp....#((.#W.# #..#..# ##
#...###..#)))+..#######..#### .##
..p ##.#()(#...........#^.. ..# .
###.).#...........#... ..#
#..(.#####+##)#####'# .##
##....#......#....#... .#
##.....#......#....#...


You could see a vault warden and an orc knight.

Vanquished Creatures
  A lich (Vaults:1)
  The ghost of Agrougrou the Peltast, an adept FoFi of Okawaru (Vaults:1)
  2 sphinxes (Vaults:1)
  Louise (Spider:3)
  3 frost giants
  4 vault wardens (Vaults:1)
  5 ghost moths (Spider:4)
  4 emperor scorpions
  2 ironheart preservers (Vaults:1)
  A ghoul (Vaults:1)
  A stone giant (Vaults:1)
  4 entropy weavers
  Azrael (D:15)
  5 spark wasps
  An ettin (D:13)
  4 merfolk impalers
  2 merfolk javelineers (Shoals:4)
  Erolcha (D:12)
  4 yaktaur captains
  2 great orbs of eyes (Vaults:1)
  Harold (Orc:1)
  13 hydras
  3 catoblepae (Lair:6)
  5 merfolk avatars
  A death knight (Vaults:1)
  5 ogre magi
  8 centaur warriors
  5 merfolk aquamancers
  5 orc high priests (Orc:2)
  7 satyrs
  16 death yaks (Lair:6)
  3 deep elf knights
  12 sea snakes
  3 unseen horrors
  2 deep elf archers
  4 ironbrand convokers (Vaults:1)
  10 hill giants
  20 orb spiders
  12 orc knights
  A phantasmal warrior (Vaults:1)
  5 harpies (Shoals:3)
  A wolf spider zombie (D:14)
  31 wolf spiders
  11 deep elf magi
  15 ugly things
  32 fauns
  A necromancer (Vaults:1)
  8 manticores
  12 cyclopes
  An orc sorcerer (Vaults:1)
  A moth of wrath (Spider:4)
  12 sirens
  A fire giant skeleton (Vaults:1)
  Maurice (D:9)
  3 vault sentinels (Vaults:1)
  2 black mambas
  7 water nymphs
  Psyche (D:8)
  A black mamba (shapeshifter) (Vaults:1)
  21 spiny frogs
  8 rime drakes
  3 kobold demonologists
  A rime drake (shapeshifter) (D:14)
  10 yaktaurs
  6 komodo dragons
  A queen bee (shapeshifter) (D:15)
  6 demonic crawlers
  11 merfolk
  A meliai (D:13)
  3 polar bears
  4 wind drakes
  A meliai (shapeshifter) (D:13)
  A queen bee (Lair:1)
  10 trolls
  14 two-headed ogres
  Prince Ribbit (D:9)
  45 jumping spiders
  12 hornets
  7 blink frogs
  29 slime creatures
  2 snapping turtles (shapeshifter) (D:14)
  11 snapping turtles
  16 dream sheep
  9 hippogriffs
  A frost giant simulacrum (Vaults:1)
  77 redbacks
  A shadow (D:12)
  14 water elementals
  A vampire (D:8)
  2 wraiths (Vaults:1)
  31 yaks
  39 tarantellas
  2 wyverns
  A human (shapeshifter) (D:15)
  3 basilisks
  2 hungry ghosts
  4 fire elementals (D:15)
  3 mottled dragons
  3 wargs (Orc:2)
  A soldier ant (D:15)
  11 porcupines
  2 human skeletons (Vaults:1)
  8 water moccasins
  4 hell hounds
  34 orc warriors
  An ice beast (D:5)
  9 sky beasts
  3 phantoms
  2 hornet zombies
  33 ogres
  3 necrophages
  The ghost of Sagrath01 the Ruffian, an amateur DrTm (D:3)
  15 centaurs
  15 wolves
  14 crocodiles
  20 bullfrogs
  22 big kobolds
  A wyvern zombie (D:8)
  2 gnoll sergeants
  5 scorpions
  32 killer bees
  2 howler monkeys
  6 wights
  2 electric eels (Spider:4)
  6 centaur zombies
  A bullfrog zombie (D:6)
  10 crimson imps
  23 orc priests
  7 jellies
  Crazy Yiuf (D:3)
  3 centaur skeletons
  6 hounds
  15 orc wizards
  2 gnoll shamans (D:8)
  Jessica (D:3)
  4 iguanas
  Ijyb (D:2)
  2 bullfrog skeletons (D:12)
  8 worker ants
  A killer bee zombie (D:5)
  17 gnolls
  A river rat (Sewer)
  13 adders
  7 shadow imps
  3 oozes
  An adder zombie (D:7)
  3 adder skeletons
  2 worms (D:5)
  2 dart slugs
  3 leopard geckos
  100 orcs
  3 ball pythons
  8 giant cockroaches
  6 goblins
  6 hobgoblins
  7 jackals
  4 quokkas
  3 bats
  A frilled lizard (D:1)
  16 kobolds
  A leopard gecko skeleton (D:4)
  2 quokka skeletons
  A quokka zombie (D:8)
  10 rats
1307 creatures vanquished.

Vanquished Creatures (others)
  An unseen horror (D:14)
  An orb spider (Spider:4)
  An ugly thing (Vaults:1)
  6 slime creatures (D:15)
  A porcupine (Lair:1)
  2 ogres (Vaults:1)
  2 crocodiles (Lair:1)
  A bullfrog (D:15)
  A crimson imp (D:12)
  3 orcs
  4 fungi
  17 plants
40 creatures vanquished.

Grand Total: 1347 creatures vanquished

Notes
Turn   | Place    | Note
-------+----------+-------------------------------------------
     0 | D:1      | spiff the High Elf Fighter began the quest for the Orb.
     0 | D:1      | Reached XP level 1. HP: 16/16 MP: 2/2
   442 | D:1      | Reached XP level 2. HP: 21/21 MP: 3/3
   473 | D:1      | Reached skill level 1 in Dodging
  1224 | D:2      | Reached XP level 3. HP: 26/26 MP: 4/4
  1646 | D:2      | Reached XP level 4. HP: 32/32 MP: 5/5
  1888 | D:2      | Noticed Ijyb
  1901 | D:2      | Killed Ijyb
  2180 | D:3      | Found a runed door.
  2242 | D:3      | Noticed Sagrath01's ghost (amateur DrTm)
  3086 | D:3      | Killed Sagrath01's ghost
  3086 | D:3      | Reached XP level 5. HP: 14/38 MP: 6/6
  3432 | D:3      | Noticed Jessica
  3436 | D:3      | Killed Jessica
  3635 | D:3      | Noticed Crazy Yiuf
  3643 | D:3      | Killed Crazy Yiuf
  3643 | D:3      | Reached XP level 6. HP: 44/44 MP: 7/7
  3774 | D:4      | Found a stormy altar of Qazlal.
  3776 | D:4      | Found a glowing silver altar of Zin.
  3804 | D:4      | Reached skill level 5 in Long Blades
  4111 | D:4      | Reached skill level 5 in Fighting
  4438 | D:5      | Entered Level 5 of the Dungeon
  4475 | D:5      | Reached XP level 7. HP: 50/50 MP: 8/8
  4572 | D:5      | Found a staircase to the Ecumenical Temple.
  4592 | Temple   | Entered the Ecumenical Temple
  4622 | Temple   | Became a worshipper of Warmaster Okawaru
  4700 | D:5      | Found a glowing drain.
  4745 | Sewer    | Entered a sewer
  4951 | Sewer    | Found a white marble altar of Elyvilon.
  5382 | D:5      | Reached skill level 5 in Dodging
  5415 | D:5      | Reached * piety under Okawaru
  5788 | D:5      | Found a white marble altar of Elyvilon.
  5791 | D:5      | Found a radiant altar of Vehumet.
  5794 | D:5      | Found a hazy altar of Hepliaklqana.
  6164 | D:6      | Reached XP level 8. HP: 47/57 MP: 9/9
  7297 | D:6      | Reached ** piety under Okawaru
  8056 | D:6      | Found a bloodstained altar of Trog.
  8926 | D:7      | Reached XP level 9. HP: 59/64 MP: 7/10
  9791 | D:7      | Found a deep blue altar of Sif Muna.
  9818 | D:7      | Paralysed by a hornet for 3 turns
  9831 | D:7      | Paralysed by a hornet for 1 turns
  9833 | D:7      | Reached *** piety under Okawaru
 10754 | D:8      | Noticed Psyche
 11469 | D:8      | Found Mualoc's Assorted Antiques.
 11600 | D:8      | Reached skill level 10 in Long Blades
 11724 | D:8      | Reached **** piety under Okawaru
 11724 | D:8      | Reached XP level 10. HP: 65/74 MP: 11/11
 12132 | D:8      | Noticed a three-headed hydra
 12141 | D:8      | Killed a one-headed hydra
 12343 | D:9      | Noticed Maurice
 12789 | D:9      | Killed Maurice
 12889 | D:9      | Noticed Erolcha
 13028 | D:9      | Noticed stuartdbuchanan's ghost (novice MiFi)
 13415 | D:9      | Reached skill level 10 in Dodging
 13451 | D:9      | Found a snail-covered altar of Cheibriados.
 13628 | D:9      | Reached skill level 10 in Fighting
 14204 | D:9      | Received a gift from Okawaru
 14733 | D:9      | Noticed Prince Ribbit
 14738 | D:9      | Killed Prince Ribbit
 14809 | D:8      | Killed Psyche
 14809 | D:8      | Reached ***** piety under Okawaru
 15173 | D:10     | Entered Level 10 of the Dungeon
 15427 | D:10     | Noticed a hill giant
 15527 | D:10     | Reached XP level 11. HP: 78/82 MP: 12/12
 15858 | D:10     | Reached skill level 1 in Invocations
 16501 | D:10     | Killed a hill giant
 16741 | D:10     | Received a gift from Okawaru
 16744 | D:10     | Got a brightly glowing scale mail {god gift}
 16755 | D:10     | Identified the +2 scale mail "Ziarruen" {rCorr Int+7 Stlth-} (Okawaru gifted it to you on level 10 of the Dungeon)
 17060 | D:11     | Noticed a hill giant
 17074 | D:11     | Killed a hill giant
 17492 | D:11     | Noticed a five-headed hydra
 17505 | D:11     | Killed a one-headed hydra
 17553 | D:11     | Found a staircase to the Lair.
 18184 | D:11     | Noticed a hill giant
 18193 | D:11     | Killed a hill giant
 18428 | Lair:1   | Entered Level 1 of the Lair of Beasts
 19004 | Lair:1   | Reached skill level 5 in Invocations
 19313 | Lair:1   | Reached skill level 5 in Armour
 19454 | Lair:1   | Noticed a five-headed hydra
 19469 | Lair:1   | Killed a one-headed hydra
 19469 | Lair:1   | Reached XP level 12. HP: 71/90 MP: 14/17
 20846 | Lair:1   | You fall through a shaft!
 21269 | Lair:2   | Noticed a five-headed hydra
 21436 | Lair:1   | Received a gift from Okawaru
 21724 | Lair:2   | Killed a one-headed hydra
 22630 | Lair:3   | Noticed a seven-headed hydra
 22651 | Lair:3   | Killed a one-headed hydra
 23134 | Lair:3   | Found a staircase to the Shoals.
 23470 | Lair:4   | Noticed a four-headed hydra
 23479 | Lair:4   | Killed a one-headed hydra
 23566 | Lair:4   | Noticed a five-headed hydra
 23601 | Lair:4   | Killed a one-headed hydra
 23660 | Lair:4   | Noticed a six-headed hydra
 23675 | Lair:4   | Killed a one-headed hydra
 23675 | Lair:4   | Received a gift from Okawaru
 23675 | Lair:4   | Reached XP level 13. HP: 61/98 MP: 19/19
 23678 | Lair:4   | Got a shimmering robe {god gift}
 23689 | Lair:4   | Identified the +1 robe "Cidaal" {*Drain rPois Str+5 SInv} (Okawaru gifted it to you on level 4 of the Lair of Beasts)
 23857 | Lair:4   | Found a hole to the Spider Nest.
 25017 | Lair:5   | Found a staircase to the Slime Pits.
 25572 | Lair:6   | Entered Level 6 of the Lair of Beasts
 25913 | Lair:6   | Reached ****** piety under Okawaru
 26032 | Lair:6   | Received a gift from Okawaru
 26045 | Lair:6   | Got a slimy triple sword {god gift}
 26453 | Lair:6   | Reached XP level 14. HP: 100/108 MP: 20/20
 26730 | Lair:6   | Reached skill level 15 in Long Blades
 26730 | Lair:6   | Reached skill level 10 in Armour
 27300 | Lair:6   | Received a gift from Okawaru
 27301 | Lair:6   | Got a crystal rapier {god gift}
 27507 | Lair:1   | Identified the +3 triple sword of No Interval {slice, Int+6 Dex-4 Stlth+} (Okawaru gifted it to you on level 6 of the Lair of Beasts)
 29119 | D:12     | Killed Erolcha
 29196 | D:12     | Received a gift from Okawaru
 29197 | D:12     | Got a pair of ichor-stained boots {god gift}
 29280 | D:12     | Identified the +2 pair of boots "Ninohajo" {rC+} (Okawaru gifted it to you on level 12 of the Dungeon)
 29443 | D:13     | Reached skill level 15 in Fighting
 29843 | D:13     | Noticed a frost giant
 29858 | D:13     | Killed a frost giant
 30007 | D:13     | Noticed a frost giant
 30033 | D:13     | Killed a frost giant
 31112 | D:12     | Found a staircase to the Orcish Mines.
 31122 | Orc:1    | Entered Level 1 of the Orcish Mines
 31344 | Orc:1    | Noticed Harold
 31371 | Orc:1    | Killed Harold
 31371 | Orc:1    | Reached XP level 15. HP: 85/116 MP: 15/21
 31644 | Orc:2    | Entered Level 2 of the Orcish Mines
 31715 | Orc:2    | Found a staircase to the Elven Halls.
 31805 | Orc:2    | Found Xampem Koso's Weapon Shop.
 32562 | Orc:2    | Received a gift from Okawaru
 32708 | Orc:2    | Found Eloacw's Gadget Shoppe.
 32711 | Orc:2    | Found Goc Ut Timm's Book Shoppe.
 32712 | Orc:2    | Found Qururhim's Antique Armour Shoppe.
 32713 | Orc:2    | Found Ussufa Uxkag's General Store.
 33291 | D:14     | Paralysed by a hornet for 2 turns
 33669 | D:14     | Found a gate to the Vaults.
 34381 | D:14     | Found a radiant altar of Vehumet.
 34826 | D:14     | You fall through a shaft!
 34826 | D:15     | Entered Level 15 of the Dungeon
 34832 | D:15     | Noticed Azrael
 35101 | Spider:1 | Entered Level 1 of the Spider Nest
 35536 | Shoals:1 | Entered Level 1 of the Shoals
 35633 | Shoals:1 | Reached skill level 1 in Bows
 35693 | Shoals:1 | Received a gift from Okawaru
 36569 | Lair:4   | Reached skill level 5 in Bows
 38202 | Spider:1 | Received a gift from Okawaru
 38202 | Spider:1 | Reached XP level 16. HP: 49/125 MP: 22/22
 39207 | Spider:1 | Received a gift from Okawaru
 39244 | Spider:1 | Reached skill level 10 in Bows
 39619 | Spider:1 | Received a gift from Okawaru
 40238 | Spider:2 | Received a gift from Okawaru
 41828 | Shoals:1 | Identified a scroll of acquirement
 43914 | Shoals:2 | Received a gift from Okawaru
 43914 | Shoals:2 | Reached skill level 15 in Bows
 44339 | Shoals:2 | Received a gift from Okawaru
 44838 | Shoals:3 | Found a frozen archway.
 44891 | Shoals:3 | Found Fefuffo's Assorted Antiques.
 44902 | Shoals:3 | Found Sahochi's Antique Weapon Boutique.
 45558 | Shoals:3 | Reached XP level 17. HP: 101/131 MP: 23/23
 45574 | Shoals:3 | Reached skill level 15 in Dodging
 46231 | Shoals:3 | Found Tutuj's General Store.
 46242 | Shoals:3 | Bought the ring of Robustness {AC+8} for 1792 gold pieces
 46571 | Shoals:3 | Found Reaklyde's Book Shoppe.
 47382 | Shoals:3 | Received a gift from Okawaru
 47470 | Shoals:3 | Found Iloruav's Antique Weapon Shoppe.
 47479 | Shoals:3 | Bought a jewelled longbow for 351 gold pieces
 47491 | Shoals:3 | Identified the +4 longbow "Napenoub" {flame, Int+2 SInv} (You bought it in a shop on level 3 of the Shoals)
 47542 | Shoals:4 | Entered Level 4 of the Shoals
 47791 | Shoals:4 | Noticed Ilsuiw
 47945 | Shoals:3 | Received a gift from Okawaru
 48471 | Shoals:4 | Got a barnacled rune of Zot
 49835 | Spider:2 | Received a gift from Okawaru
 49996 | Spider:3 | Noticed Louise
 50014 | Spider:3 | Killed Louise
 50023 | Spider:3 | Received a gift from Okawaru
 50568 | Spider:3 | Received a gift from Okawaru
 51097 | Spider:4 | Entered Level 4 of the Spider Nest
 51880 | Spider:4 | Received a gift from Okawaru
 52209 | Spider:4 | Reached XP level 18. HP: 139/139 MP: 24/24
 52284 | Spider:4 | Received a gift from Okawaru
 52698 | Spider:4 | Paralysed by a hornet for 1 turns
 52702 | Spider:4 | Received a gift from Okawaru
 52978 | Spider:4 | Received a gift from Okawaru
 53476 | Spider:4 | Received a gift from Okawaru
 53629 | Spider:4 | Got a gossamer rune of Zot
 54222 | D:15     | Learned a level 2 spell: Blink
 54369 | D:15     | Killed Azrael
 54905 | D:15     | Found a staircase to the Depths.
 55058 | Vaults:1 | Entered Level 1 of the Vaults
 55149 | Vaults:1 | Noticed Agrougrou's ghost (adept FoFi)
 55818 | Vaults:1 | Killed Agrougrou's ghost
 56788 | Vaults:1 | Received a gift from Okawaru
 57871 | Vaults:1 | Received a gift from Okawaru
 57902 | Vaults:1 | Reached XP level 19. HP: 135/146 MP: 25/25
 57945 | Vaults:1 | Received a gift from Okawaru
 58211 | Vaults:1 | Noticed a lich
 58220 | Vaults:1 | Killed a lich
 58261 | Vaults:1 | Received a gift from Okawaru
 58312 | Vaults:1 | Killed from afar by a deep elf knight

Skill      XL: |  1  2  3  4  5  6  7  8  9 10 11 12 13 14 15 16 17 18 |
---------------+-------------------------------------------------------+-----
Dodging        | 1 2 3 4 5 7 9 10 11 13 14 16 18 | 18.7
Long Blades    | 3 4 5 6 8 10 11 12 13 14 15 16 | 16.5
Fighting       | 4 5 6 7 9 10 11 12 14 15 16 17 18 | 18.0
Invocations    | 5 7 |  7.2
Armour         | 5 7 9 10 11 | 11.7
Shields        | 4 |  4.0
Bows           | 8 16 17 | 17.9

Action                   |  1- 3 |  4- 6 |  7- 9 | 10-12 | 13-15 | 16-18 | 19-21 || total
-------------------------+-------+-------+-------+-------+-------+-------+-------++-------
Melee: Long sword        |    76 |   192 |   425 |       |       |       |       ||   693
       Scimitar          |       |       |   228 |       |       |       |       ||   228
       Falchion          |       |       |    85 |   919 |   218 |   186 |       ||  1408
       Demon blade       |       |       |       |   129 |  1820 |  1372 |   227 ||  3548
       Punch             |       |       |       |       |     2 |    17 |     2 ||    21
       Triple sword      |       |       |       |       |       |       |     1 ||     1
 Fire: Longbow           |       |       |       |       |    76 |  1033 |       ||  1109
Throw: Javelin           |       |       |       |     5 |     3 |     7 |       ||    15
       Tomahawk          |       |       |       |       |       |     8 |       ||     8
       Throwing net      |       |       |       |       |       |     1 |       ||     1
Invok: Heroism           |       |       |     3 |    12 |     6 |    20 |     2 ||    43
       Finesse           |       |       |       |       |     4 |     5 |     2 ||    11
Evoke: Wand              |       |       |       |       |     1 |     4 |     1 ||     6
  Use: Scroll            |     2 |     4 |     6 |    15 |    12 |     9 |     1 ||    49
       Potion            |     1 |     1 |     2 |     1 |     1 |     8 |       ||    14
 Stab: Distracted        |       |       |     1 |       |       |       |       ||     1
       Held in net/web   |       |       |       |       |     1 |       |       ||     1
       Petrified         |       |       |       |       |    16 |       |       ||    16
  Eat: Chunk             |     3 |     7 |    20 |    80 |    68 |   122 |       ||   300
       Pizza             |       |     1 |       |       |       |       |       ||     1
       Bread ration      |       |       |     1 |       |     3 |       |       ||     4
       Fruit             |       |       |     1 |       |       |       |       ||     1
Armor: Scale mail        |    28 |    68 |   194 |   178 |   457 |   267 |       ||  1192
       Ring mail         |       |       |       |       |       |   224 |    47 ||   271
       Robe              |       |       |       |       |       |   133 |       ||   133
Dodge: Dodged            |    15 |    54 |   234 |   582 |  1080 |  1699 |   155 ||  3819
Block: Shield            |    31 |    71 |   281 |       |       |       |       ||   383
       Buckler           |       |       |     4 |   207 |    87 |       |       ||   298
       Rpst.: Long sword |     4 |    23 |    39 |       |       |       |       ||    66
       Scimitar          |       |       |    20 |       |       |       |       ||    20
       Falchion          |       |       |    12 |   148 |    43 |    24 |       ||   227
       Demon blade       |       |       |       |    17 |   255 |   221 |    25 ||   518
       Triple sword      |       |       |       |       |       |       |     1 ||     1
